 Dungeon Crawl Stone Soup version 0.23.2-1-ga50397a6bc (webtiles) character file.

Game seed: 16202976171762986920

104 Mrkan the Shield-Bearer (level 4, -1/40 HPs)
             Began as a Minotaur Fighter on May 19, 2019.
             Slain by Natasha (2 damage)
             ... on level 2 of the Dungeon.
             The game lasted 00:02:49 (998 turns).

Mrkan the Shield-Bearer (Minotaur Fighter)           Turns: 998, Time: 00:02:50

Health: -1/40      AC:  7    Str: 22    XL:     4   Next: 52%
Magic:  3/3        EV:  7    Int:  5    God:
Gold:   68         SH:  9    Dex:  9    Spells: 3/3 levels left

rFire    . . .     SeeInvis .   a - +0 flail
rCold    . . .     Gourm    .   c - +0 shield
rNeg     . . .     Faith    .   b - +0 scale mail
rPois    .         Spirit   .   (helmet restricted)
rElec    .         Reflect  .   (no cloak)
rCorr    .         Harm     .   (no gloves)
MR       .....                  (no boots)
Stlth    ..........             (no amulet)
HPRegen  0.13/turn              (no ring)
MPRegen  0.08/turn              (no ring)

@: slowed, very slow
A: retaliatory headbutt, horns 2
a: no special abilities


You were on level 2 of the Dungeon.
You were not hungry.

You visited 1 branch of the dungeon, and saw 2 of its levels.

You collected 68 gold pieces.

Inventory:

Hand Weapons
 a - a +0 flail (weapon)
Missiles
 m - 7 silver javelins (quivered)
Armour
 b - a +0 scale mail (worn)
 c - a +0 shield (worn)
Jewellery
 g - an uncursed amulet of guardian spirit {unknown}
Scrolls
 i - 2 scrolls of identify {unknown}
 j - 2 scrolls of amnesia {unknown}
 l - a scroll of fog {unknown}
Potions
 d - 2 potions of might
 e - a potion of haste {unknown}
 h - a potion of cancellation {unknown}
 k - 2 potions of heal wounds {unknown}
Comestibles
 f - 3 rations


   Skills:
 + Level 4.2 Fighting
 * Level 4.1 Maces & Flails
 + Level 4.3 Armour
 + Level 4.3 Shields


You had 3 spell levels left.
You didn't know any spells.
Your spell library was empty.

Dungeon Overview and Level Annotations

Branches:
Dungeon (2/15)

Altars:

Annotations:
D:2 Natasha


Innate Abilities, Weirdness & Mutations

You reflexively headbutt those who attack you in melee.
You have a pair of horns on your head.


Message History

You feel yourself slow down.
Natasha casts a spell.
Natasha casts a spell at you. The magic dart hits you.
You block Natasha's attack.
The crimson imp blinks!
Natasha claws you but does no damage.
The crimson imp blinks!
Natasha closely misses you. You furiously retaliate!
You headbutt Natasha. Natasha claws you. Natasha claws you.
* * * LOW HITPOINT WARNING * * *
You block Natasha's attack. Natasha claws you.
* * * LOW HITPOINT WARNING * * *
Natasha claws you.
* * * LOW HITPOINT WARNING * * *
Natasha casts a spell at you. The magic dart hits you.
* * * LOW HITPOINT WARNING * * *
A bat comes into view.
Natasha claws you.
You die...

#. .# . . #. .. #.#######... ##
#.......... #.###.......♣
#.#†h@...5♣ #. #..######.b♣ #.
#.#####..# #. #........# .. #
######.## .. #######. #.####
####.####### ... .....#. #.....
#................ ..#.#.
##.....##.##.##..###.....###.#.#.
.............##..###.........#.#.


You could see Natasha, a crimson imp and a bat.

Vanquished Creatures
  An orc wizard (D:2)
  Natasha (D:2)
  An ooze (D:1)
  A worm (D:2)
  2 dart slugs
  A leopard gecko (D:1)
  4 orcs (D:2)
  2 giant cockroaches (D:2)
  4 goblins
  A hobgoblin (D:1)
  8 kobolds
  2 bats (D:1)
  4 frilled lizards (D:1)
  7 rats
39 creatures vanquished.

Notes
Turn   | Place    | Note
-------+----------+-------------------------------------------
     0 | D:1      | Mrkan the Minotaur Fighter began the quest for the Orb.
     0 | D:1      | Reached XP level 1. HP: 19/19 MP: 0/0
    83 | D:1      | Reached XP level 2. HP: 17/27 MP: 1/1
   431 | D:1      | Reached XP level 3. HP: 33/33 MP: 2/2
   778 | D:2      | Reached XP level 4. HP: 28/40 MP: 3/3
   873 | D:2      | Noticed Natasha
   891 | D:2      | Killed Natasha
   984 | D:2      | Noticed Natasha
   997 | D:2      | HP: 1/40 [Natasha/magic dart (4)]
   998 | D:2      | Slain by Natasha

Skill      XL: |  1  2  3  4 |
---------------+-------------+-----
Maces & Flails | 3 4 |  4.1
Shields        | 4 |  4.3
Armour         | 4 |  4.3
Fighting       | 4 |  4.2

Action                   |  1- 3 |  4- 6 || total
-------------------------+-------+-------++-------
Melee: Flail             |    63 |    33 ||    96
       Headbutt          |     4 |     2 ||     6
Armor: Scale mail        |    22 |    13 ||    35
Dodge: Dodged            |    15 |     9 ||    24
Block: Shield            |    32 |    24 ||    56
